 Dungeon Crawl Stone Soup version 0.16.1-11-g651b585 (webtiles) character file.

4 KarvaRausku the Sneak (level 1, 0/15 HPs)
             Began as a Naga Enchanter on Apr 7, 2015.
             Succumbed to a giant mite's poison
             ... on level 1 of the Dungeon.
             The game lasted 00:01:01 (274 turns).

KarvaRausku the Sneak (Naga Enchanter)               Turns: 274, Time: 00:01:01

Health: 0/15       AC:  2    Str: 10    XL:     1   Next: 70%
Magic:  2/3        EV: 10    Int: 15    God:
Gold:   25         SH:  0    Dex: 11    Spells: 1 memorised, 3 levels left

rFire  . . .     SeeInvis +     a - +1 dagger
rCold  . . .     Clarity  .     b - +1 robe
rNeg   . . .     SustAb   .     (no shield)
rPois  +         Gourm    .     (no helmet)
rElec  .         Spirit   .     (no cloak)
rCorr  .         Warding  .     (no gloves)
rMut   .         Rnd*Tele +     (no barding)
MR     .....                    (no amulet)
Stlth  +++.......               (no ring)
                                i - ring of teleportation (curse)

@: lethally poisoned (0 -> -8), very slow, not resistant to hostile
enchantments, fairly stealthy
A: spit poison, see invisible, deformed body, poison resistance, slowness 2
a: Spit Poison, Evoke Teleportation


You were on level 1 of the Dungeon.
You were not hungry.

You visited 1 branch of the dungeon, and saw 1 of its levels.

You collected 25 gold pieces.

Inventory:

Hand weapons
 a - a +1 dagger (weapon)
Armour
 b - a +1 robe (worn)
Jewellery
 i - a cursed ring of teleportation (left hand)
Scrolls
 g - a scroll of noise {unknown}
 h - a scroll of identify {unknown}
Potions
 e - a potion of mutation {unknown}
 f - a potion of restore abilities {unknown}
 j - a potion of ambrosia {unknown}
 k - a potion of curing {unknown}
 l - 2 potions of degeneration {unknown}
Books
 c - a book of Maledictions

   Spells                             Type                      Level
   a - Corona                         Hexes                        1
   b - Sure Blade                     Hexes/Charms                 2
   c - Ensorcelled Hibernation        Hexes/Ice                    2
   d - Confuse                        Hexes                        3
   e - Dazzling Spray                 Conjuration/Hexes            3
   f - Enslavement                    Hexes                        4
Comestibles
 d - a bread ration


   Skills:
 + Level 0.0 Fighting
 + Level 1.0 Short Blades
 + Level 1.6 Dodging
 + Level 4.4 Stealth
 * Level 2.0 Spellcasting
 * Level 3.2 Hexes


You had 3 spell levels left.
You knew the following spells:

 Your Spells              Type           Power        Failure   Level  Hunger
a - Corona                Hex            ##.....      8%          1    #......


Dungeon Overview and Level Annotations

Branches:
Dungeon (1/15)

Altars:


Innate Abilities, Weirdness & Mutations

You cannot wear boots.
You can spit poison.
You have supernaturally acute eyesight.
Armour fits poorly on your strangely shaped body.
Your system is resistant to poisons.
You cover ground very slowly.


Message History

The giant mite is heavily wounded.
The giant mite bites you.
* * * LOW HITPOINT WARNING * * *
The rat closely misses you.
You are too injured to fight recklessly!
You are too injured to fight recklessly!
You are too injured to fight recklessly!
You are too injured to fight recklessly!
You are too injured to fight recklessly!
You are too injured to fight recklessly!
The giant mite completely misses you.
You hit the giant mite but do no damage.
The giant mite is heavily wounded.
The giant mite bites you.
* * * LOW HITPOINT WARNING * * *
You are lethally poisoned!
The giant mite poisons you!
You barely miss the giant mite.
The giant mite is heavily wounded.
You die...

...# +......... ...#####
#........ . .......# #.?.....
.. .......# ###......#.#..
......... #.............
...####. #..............
...####.###......##......
....†..........rs...>....
...####.....####@#........
...######### #...#......#
...........# #.###......#
...........# #..........#
...........#######......#
..............# #......#
..............# #......#####
..............# ##.........#
..............#####.(.......#


You could see a giant mite and a rat.

Vanquished Creatures
  2 goblins (D:1)
  A bat (D:1)
  A giant newt (D:1)
  A rat (D:1)
5 creatures vanquished.

Notes
Turn   | Place    | Note
--------------------------------------------------------------
     0 | D:1      | KarvaRausku, the Naga Enchanter, began the quest for the Orb.
     0 | D:1      | Reached XP level 1. HP: 15/15 MP: 3/3
   274 | D:1      | Succumbed to a giant mite's poison

Action                   || total
-------------------------++-------
Melee: Dagger            ||    27
 Cast: Corona            ||     5
 Stab: Sleeping          ||     1
